Cogmind - Beta 9.2 @@@ ROGUE MODE // 2019.11.16 @ 00:00:44 Player: DrZettl Result: Destroyed by G-34 Mercenary with Small Laser Performance ------------- Evolutions (0) 0 Regions Visited (1) 200 Robots Destroyed (22) 110 Value Destroyed (517) 517 Prototype IDs (0) 0 Alien Tech Used (0) 0 Bonus (0) 0 TOTAL SCORE: 827 Bonus ------- None Cogmind --------- Core Integrity 0/250 Matter 236/300 Energy 248/250 System Corruption 0% Temperature Cool (6) Movement Rolling (100) Ox1 Location -10/Materials Parts ------- > --- POWER (1) -------- Ion Engine > --- PROPULSION (2) --- Wheel Compact Wheel > --- UTILITY (2) ------ Large Storage Unit Large Storage Unit > --- WEAPON (2) ------- Light Assault Rifle Light Assault Rifle > --- INVENTORY (16) --- Ion Engine Light Ion Engine Wheel Large Matter Pod (150) Medium Laser Datajack Peak State ------------ > --- POWER ------------ Ion Engine > --- PROPULSION ------- Wheel Compact Wheel > --- UTILITY ---------- Large Storage Unit Large Storage Unit > --- WEAPON ----------- Light Assault Rifle Light Assault Rifle > --- INVENTORY -------- Ion Engine Compact Wheel Compact Wheel Small Storage Unit Large Matter Pod EM Pulse Gun Medium Laser Light Assault Rifle Light Assault Rifle Light Assault Rifle [Rating: 8] Favorites ----------- Power Ion Engine Engine Ion Engine Propulsion Compact Wheel Wheel Compact Wheel Utility Large Storage Unit Storage Large Storage Unit Weapon Light Assault Rifle Energy Gun Medium Laser Ballistic Gun Light Assault Rifle Special Melee Weapon Datajack Build | -11 -10 ------- Run | Scr Mat Slots Evolved . | . . Power . | . . Propulsion . | . . Utility . | . . Weapon . | . . Parts Attached 25 | 7 18 Power 4 | 1 3 Engine 4 | 1 3 Core . | . . Reactor . | . . Propulsion 5 | 2 3 Treads . | . . Leg . | . . Wheel 5 | 2 3 Hover . | . . Flight . | . . Utility 4 | 2 2 Device . | . . Storage 4 | 2 2 Processor . | . . Hackware . | . . Protection . | . . Artifact . | . . Weapon 12 | 2 10 Energy Gun 2 | 1 1 Energy Cannon . | . . Ballistic Gun 9 | 1 8 Ballistic Cannon . | . . Launcher . | . . Special Weapon . | . . Impact Weapon . | . . Slashing Weapon . | . . Piercing Weapon . | . . Special Melee Weapon 1 | . 1 Unidentified Prototypes . | . . Parts Lost 9 | . 9 Power 1 | . 1 Propulsion 3 | . 3 Utility . | . . Weapon 5 | . 5 Highest Loss Streak 7 | . 7 Average Slot Usage (%) 97 | . 97 Engine 14 | . 14 Wheel 26 | . 26 Storage 28 | . 28 Energy Gun 1 | . 1 Ballistic Gun 25 | . 25 Naked Turns . | . . Heaviest Build 40 | 14 40 Greatest Support 32 | 26 32 Greatest Overweight (x) 3 | . 3 Average Overweight (x) . | . . Largest Inventory Capacity 16 | 8 16 Average Capacity 12 | 6 13 Most Carried 10 | 4 10 Average Carried 6 | 1 7 Final Capacity 16 | 8 16 Final Carried 6 | 4 6 Class Distribution -------------------- 100% | Mutant Dominant Class ---------------- Mutant | -10/Materials Resources | -11 -10 ----------- Run | Scr Mat Matter Collected 529 | 132 397 Remotely . | . . Salvage Created 718 | 71 647 Parts 48 | 3 45 Haulers Intercepted . | . . Recyclers Shooed 1 | . 1 Parts Field Recycled . | . . Retrieved Matter . | . . Parts Self-Destructed . | . . Prevented . | . . Kills | -11 -10 ------- Run | Scr Mat Combat Hostiles Destroyed 16 | . 16 Guns 16 | . 16 Classes Destroyed 6 | 1 5 Worker 3 | . 3 Tunneler 1 | . 1 Recycler 1 | 1 . Operator 1 | . 1 Swarmer 3 | . 3 Grunt 13 | . 13 Best Kill Streak 6 | 1 6 Combat Bots Only 5 | . 5 Max Kills in Single Turn 1 | 1 1 Gunslinging . | . . Exploded . | . . Melee . | . . Uniques/NPCs Destroyed . | . . Combat | -11 -10 -------- Run | Scr Mat Damage Taken 1147 | . 1147 Core 251 | . 251 Absorbed by Shields . | . . Core Remaining (%) 100 | 100 . Volleys Fired 83 | 1 82 Largest 2 | 2 2 Hottest 70 | 70 60 Shots Fired 166 | 2 164 Gun 166 | 2 164 Cannon . | . . Launcher . | . . Special . | . . Kinetic 158 | 1 157 Thermal 1 | 1 . Explosive . | . . Electromagnetic 7 | . 7 Robot Hit Streak 14 | 2 14 Robot Miss Streak 2 | . 2 Penetration Max . | . . Secondary Targets 1 | . 1 Max Gunslinging Chain 1 | . 1 Shots Hit Robots 120 | 2 118 Core Hits 45 | 1 44 Critical Hits 1 | 1 . Critical Kills 1 | 1 . Critical Parts Destroyed . | . . Melee Attacks 1 | . 1 Impact . | . . Slashing . | . . Piercing . | . . Sneak Attacks 1 | . 1 Combat Hostiles . | . . Follow-up Attacks . | . . Damage Inflicted 929 | 22 907 Guns 929 | 22 907 Cannons . | . . Explosions . | . . Melee . | . . Ramming . | . . Kinetic 893 | 10 883 Thermal 12 | 12 . Explosive . | . . Electromagnetic 24 | . 24 Impact . | . . Slashing . | . . Piercing . | . . Highest Corruption . | . . Average Corruption . | . . Corruption Purged . | . . Overload Shots . | . . Overflow Damage . | . . Projectiles . | . . Explosions . | . . Melee . | . . Knockbacks . | . . Impact . | . . Kinetic . | . . Secondary . | . . Self-Inflicted Damage . | . . Shots . | . . Rammed . | . . Targets Rammed . | . . Kicked . | . . Crushed . | . . Highest Temperature 58 | 30 58 Average Temperature 12 | 18 12 Received Heat Transfer 516 | . 516 Siege Activations . | . . Robots Corrupted . | . . Combat Hostiles . | . . Parts Fried . | . . Impact Corruptions . | . . Robots Melted . | . . Combat Hostiles . | . . Parts Melted . | . . Heat Transferred 37 | 37 . Parts Sabotaged . | . . Parts Stolen . | . . Parts Stripped . | . . Power Chain Reactions . | . . Missiles Intercepted . | . . Alert | -11 -10 ------- Run | Scr Mat Peak Influence 283 | 5 283 Average Influence 122 | 2 137 Maximum Alert Level 1 | . 1 Low Security (%) 73 | 100 70 Level 1 26 | . 29 Level 2 . | . . Level 3 . | . . Level 4 . | . . Level 5 . | . . High Security . | . . Max Security . | . . Squads Dispatched 7 | . 7 Investigation 3 | . 3 Extermination . | . . Reinforcement 4 | . 4 Assault . | . . Garrison . | . . Intercept . | . . Construction Impeded . | . . Haulers Reinforced . | . . Stealth | -11 -10 --------- Run | Scr Mat Distress Signals 1 | . 1 Communications Jammed . | . . Distress Signals . | . . Times Spotted 29 | . 29 Peak Tracking Total 6 | . 6 Tactical Retreats 3 | . 3 Traps | -11 -10 ------- Run | Scr Mat Traps Triggered 2 | . 2 Indirectly . | . . Trap Hack Attempts 6 | . 6 Triggered . | . . Disarmed 2 | . 2 Reprogrammed . | . . Reused . | . . Traps Extracted . | . . Installed . | . . Triggered . | . . Machines | -11 -10 ---------- Run | Scr Mat Machines Disabled . | . . Max in Single Turn . | . . Machines Sabotaged . | . . Garrisons Compromised . | . . Overloaded Fab Kills . | . . Fab Network Shutdowns . | . . Hacking | -11 -10 --------- Run | Scr Mat Machines Accessed 3 | . 3 Terminals 1 | . 1 Fabricators . | . . Repair Stations . | . . Recycling Units 2 | . 2 Scanalyzers . | . . Garrison Access . | . . Total Hacks 8 | . 8 Successful 7 | . 7 Failed 1 | . 1 Catastrophic . | . . Database Lockouts . | . . Manual 4 | . 4 Terminals 3 | . 3 Fabricators . | . . Repair Stations . | . . Recycling Units 5 | . 5 Scanalyzers . | . . Garrison Access . | . . Terminal Hacks 1 | . 1 Locate Traps 1 | . 1 Fabricator Hacks . | . . Repair Station Hacks . | . . Recycling Unit Hacks 4 | . 4 Process 1 | . 1 Report Inventory 2 | . 2 Retrieve Matter 1 | . 1 Scanalyzer . | . . Garrison Access Hacks . | . . Unauthorized Hacks 5 | . 5 Terminals 2 | . 2 Track 1 | . 1 Botnet 1 | . 1 Fabricators . | . . Repair Stations . | . . Recycling Units . | . . Scanalyzers . | . . Garrison Access . | . . Data Cores Recovered . | . . Used . | . . Hacking Detections 2 | . 2 Full Trace Events 1 | . 1 Feedback Events . | . . Feedback Blocked . | . . Robot Schematics Acquired . | . . Robots Built . | . . Matter . | . . Time . | . . Total Robot Build Rating . | . . Part Schematics Acquired . | . . Parts Built . | . . Matter . | . . Time . | . . Total Part Build Rating . | . . Parts Repaired . | . . Time . | . . Parts Recycled . | . . Recycled Matter 120 | . 120 Retrieved Matter 120 | . 120 Retrieved Components . | . . Parts Scanalyzed . | . . Part Schematics Acquired . | . . Parts Damaged . | . . Bothacking | -11 -10 ------------ Run | Scr Mat Used RIF Installer . | . . Robots Hacked . | . . Non-combat . | . . Combat . | . . Robot Hacks Applied . | . . Relay Couplers Released . | . . Robots Rewired . | . . Allies Hacked . | . . Hacks Repelled . | . . Allies | -11 -10 -------- Run | Scr Mat Total Allies . | . . Largest Group . | . . Highest-Rated Group . | . . Highest-Rated Ally . | . . Total Orders . | . . Ally Attacks . | . . Total Damage . | . . Kills . | . . Allies Corrupted . | . . Allies Melted . | . . Intel | -11 -10 ------- Run | Scr Mat Robot Analysis Total . | . . Derelict Logs Recovered . | . . Drone Launches . | . . Drone Recoveries . | . . Exploration | -11 -10 ------------- Run | Scr Mat Turns Passed 553 | 59 494 Spaces Moved 275 | 45 230 Core 3 | 3 . Treads . | . . Legs . | . . Wheels 272 | 42 230 Hover . | . . Flight . | . . Fastest Speed 50 | 50 90 Average Speed 95 | 89 97 Slowest Speed 120 | 100 120 Overloaded Moves . | . . Propulsion Burnouts . | . . Robots Hopped . | . . Cave-ins Triggered . | . . Exploration Rate (%) 19 | 3 36 Regions Visited 1 Branch Regions . Pre-discovered Areas . | . . Known Exits Taken . | . . Unknown Exits Taken 1 | 1 . Scrap Searched . | . . Spaces Dug . | . . Terrain Destroyed . | . . Melee . | . . Projectile . | . . AOE . | . . Actions | -11 -10 --------- Run | Scr Mat Total 425 | 58 367 Wait 19 | 2 17 Move 274 | 44 230 Hop . | . . Pick Up 13 | 4 9 Fast Attach 8 | 7 1 Attach 8 | . 8 Detach . | . . Swap 9 | . 9 Drop 4 | . 4 Fire 83 | 1 82 Melee 1 | . 1 Ram . | . . Kick . | . . Crush . | . . Escape Stasis . | . . Rewire . | . . Trap 6 | . 6 Miscellaneous . | . . Route ------- -11/Scrapyard -10/Materials (discovered 1 exit: [*Min]) History --------- Turn | Location | Event 26 | -11/Scrapyard | Discovered new exit (range 15) 60 | -11/Scrapyard | Entered Materials 104 | -10/Materials | Discovered new exit (range 9) 307 | -10/Materials | Build established: Mutant 341 | -10/Materials | Core integrity fell below 50% 397 | -10/Materials | Core integrity fell below 20% 421 | -10/Materials | Lost 7 parts (1p3n3w) 554 | -10/Materials | Destroyed by G-34 Mercenary with Small Laser Last Messages --------------- 00506_ Triggered Alarm Trap. 00506_ An alarm sounds. 00506_ ALERT: Alarm triggered, dispatching investigation squad. 00514_ Sneak attack on A-02 Transporter. 00514_ Jacked A-02 Transporter... >>find_fabricator No accessible Fabricator found in memory. 00518_ G-34 Mercenary destroyed. 00520_ K-01 Serf collects debris. 00528_ G-34 Mercenary destroyed. 00529_ K-01 Serf collects debris. 00533_ G-34 Mercenary destroyed. 00534_ K-01 Serf cleans the Terminal. 00539_ Lgt. Assault Rifle destroyed. 00543_ K-01 Serf collects debris. 00543_ G-34 Mercenary destroyed. 00543_ Switching to secondary target: G-34 Mercenary. 00546_ G-34 Mercenary destroyed. 00546_ K-01 Serf collects debris. 00551_ K-01 Serf destroyed. Map ----- +----------------------------------------------------+ | ?????????# #?# ## #######?????? | | ?????????# #?# + #???????????? | | ????????## ### # k#???????????? | | ????????# ##+#### ##??????????? | | ????????# ####???????? | | ????????# ???? | | ????????# """ #####??????? | | ????????# ##[ """o ""#????????? | | ?############### """ Y"#????????? | | ?#!! % + ""#????????? | | ?#! ! # ###????????? | | ?#! *# #??????????? | | ?# # ""#??????????? | | ?# # T"#??????????? | | ?# # ""#??????????? | | ?############### / """??????? | | ???????????????# # ????? | | ? ???????????# ####+# ??? | | # ""??????????# # #? ?? | | # ""??????????+ o + !! #???##?##??? | | # R"##########o # !! #??????????? | | # """# ^^ [k* # ! #??????????? | | # + ##### #??????????? | | # # T ##### "" #??????????? | | # """ # ^ ##==/ T" #??????????? | | # """?# =@ ## ## "" #??????????? | | # """?# %= ## ##! #??????????? | | ? ??# !== ## #######??????????? | | ?* ??#[g*%[ ## #????????????????? | | ?##???#!%=#######+###??????????????? | | ?????## %[## +??????????????? | | ?????# = # * #??????????????? | | ?????# # ! * #??????????????? | | ?????# + !%* #??????????????? | | ?????# # #??????????????? | | ?????# # #??????????????? | | ####### ## #??????????????? | | # # ## #??????????????? | | # ""= + ## #??????????????? | | # ""% # #########+#??????????????? | | # "T # #???????? ??????????????? | | # "" # ??????? ??????????????? | | # "" # ????? ??????????????? | | # # ????????????????????? | | #########+######???????????????????? | | ????????? ?????????????????????????? | | ?????????"?????????????????????????? | | ?????????"?????????????????????????? | | ???????????????????????????????????? | | ???????????????????????????????????? | +----------------------------------------------------+ Best States ------------- Heat Dissipation 25 Energy Generation 10 Energy Capacity 250 Matter Stores 300 Matter Capacity 300 Sight Range 16 Terrain Scan Density 10 Evasion (%) 42 Item Schematics ----------------- None Robot Schematics ------------------ None Fabricated ------------ Nothing Alien Tech Used ----------------- None Achievements -------------- None Challenges ------------ None Game ------ Seed ModifiedLongswordMinigun Manual? 0 Play Time 00:07:52 Cumulative 51.8 hours Start 2019.11.15 @ 23:53:35 End 2019.11.16 @ 00:00:44 Sessions 1 Manual Loads 0 Difficulty Rogue Special Mode None Game No. 58 Rogue 58 Adventurer 0 Explorer 0 Win Type - Total 0 Types 0/0/0/0/0/0/0 Lore% 29 Gallery% 43 Achievement% 28 Wizard Run 0 Options --------- ASCII 0 Keyboard 0 Movement Numpad Keybinds 0 Fullscreen 1 Font 16/Smallcaps Map View 76x50 Tactical HUD 1 Map Filters NONE Filters NONE Steam 1 RUN: b4e43c15-ec06-49b7-95c7-a6b2fa80f256